 Dungeon Crawl Stone Soup version 0.23.1 (webtiles) character file.

Game seed: 8486708604466946941

53 Lusmu the Caller (level 3, 0/20 HPs)
             Began as a Tengu Summoner on Mar 11, 2019.
             Killed by nerve-wracking pain
             ... invoked by Jessica
              (14 damage)
             ... on level 2 of the Dungeon.
             The game lasted 00:06:30 (1451 turns).

Lusmu the Caller (Tengu Summoner)                   Turns: 1451, Time: 00:06:31

Health: 0/20       AC:  2    Str:  9    XL:     3   Next: 87%
Magic:  4/7        EV: 18    Int: 15    God:
Gold:   106        SH:  0    Dex: 14    Spells: 2/6 levels left

rFire    . . .     SeeInvis .   d - +2 short sword (elec)
rCold    . . .     Gourm    .   (no shield)
rNeg     . . .     Faith    .   a - +0 robe
rPois    .         Spirit   .   (helmet restricted)
rElec    .         Reflect  .   (no cloak)
rCorr    .         Harm     .   (no gloves)
MR       .....                  (boots unavailable)
Stlth    ++........             (no amulet)
HPRegen  0.06/turn              b - +5 ring of evasion
MPRegen  0.10/turn              (no ring)

@: no status effects
A: beak, talons 3
a: no special abilities


You were on level 2 of the Dungeon.
You were not hungry.

You visited 1 branch of the dungeon, and saw 2 of its levels.

You collected 106 gold pieces.

Inventory:

Hand Weapons
 d - a +2 short sword of electrocution (weapon)
Armour
 a - a +0 robe (worn)
Jewellery
 b - a +5 ring of evasion (left hand)
Potions
 e - a potion of heal wounds {unknown}
 j - a potion of agility {unknown}
 k - 2 potions of curing {unknown}
Comestibles
 c - a ration
 f - 2 chunks of flesh


   Skills:
 * Level 1.5 Fighting
 * Level 1.6 Short Blades
 - Level 2.4 Dodging
 - Level 2.0 Stealth
 - Level 2.1 Spellcasting
 + Level 5.3 Summonings


You had 2 spell levels left.
You knew the following spells:

 Your Spells              Type           Power        Failure   Level  Hunger
a - Summon Small Mammal   Summ           ###.         2%          1    #......
b - Call Canine Familiar  Summ           ###.....     8%          3    ###....

Your spell library contained the following spells:

 Spells                   Type           Power        Failure   Level  Hunger
 Call Imp                 Summ           ###.....     3%          2    ###....
 Summon Guardian Golem    Hex/Summ       #.......     22%         3    ###....
 Summon Ice Beast         Ice/Summ       #.......     58%         4    #####..
 Summon Lightning Spire   Summ/Air       #.......     58%         4    #####..


Dungeon Overview and Level Annotations

Branches:
Dungeon (2/15)

Altars:

Annotations:
D:2 Jessica


Innate Abilities, Weirdness & Mutations

You have a beak for a mouth.
You have claws for feet.


Message History

You open the door.
There is an open door here.
A bat comes into view.
Jessica the Apprentice Sorceress comes into view.
She is wielding a +0 club.
Jessica shouts!
You hit the bat.
You kill the bat!
Casting: Call Canine Familiar (safe; 8% risk of failure)
Confirm with . or Enter, or press ? or * to list all spells.
Jessica gestures at you while chanting. Pain shoots through your body!
You hit Jessica. Your kick misses Jessica.
Jessica is heavily wounded.
Jessica misses you.
You hit Jessica. You claw Jessica.
Jessica is severely wounded.
Jessica gestures at you while chanting. Pain shoots through your body!
Ouch! That really hurt!
You die...

# ##+## ###
##.##...##...
..#.....#.#
##........#
#...@.....#
+^..@h....+
#.........###
##...........
##.....#####
.....#...##
.###.##'## #.
#.#######.#
#.##.........#
#.##..########


You could see Jessica and a friendly hound.

Vanquished Creatures
  A gnoll (D:1)
  A dart slug (D:1)
  5 bats
  2 giant cockroaches (D:1)
  3 hobgoblins (D:1)
  6 jackals (D:1)
  5 kobolds (D:1)
  2 frilled lizards (D:1)
  2 goblins (D:1)
  3 rats
30 creatures vanquished.

Vanquished Creatures (collateral kills)
  2 bats (D:1)
  A goblin (D:1)
  2 hobgoblins (D:1)
  A jackal (D:1)
  A kobold (D:1)
  2 rats (D:1)
9 creatures vanquished.

Grand Total: 39 creatures vanquished

Notes
Turn   | Place    | Note
-------+----------+-------------------------------------------
     0 | D:1      | Lusmu the Tengu Summoner began the quest for the Orb.
     0 | D:1      | Reached XP level 1. HP: 10/10 MP: 4/4
   256 | D:1      | Reached skill level 5 in Summonings
   260 | D:1      | Reached XP level 2. HP: 11/15 MP: 3/6
   505 | D:1      | Reached skill level 1 in Short Blades
   505 | D:1      | Reached XP level 3. HP: 16/20 MP: 7/7
   519 | D:1      | Reached skill level 1 in Fighting
   623 | D:1      | Learned a level 3 spell: Call Canine Familiar
  1444 | D:2      | Noticed Jessica
  1451 | D:2      | Killed from afar by Jessica

Skill      XL: |  1  2  3 |
---------------+----------+-----
Summonings     | 5 |  5.3
Short Blades   | 1 |  1.6
Fighting       | 1 |  1.5
Dodging        | |  2.4
Stealth        | |  2.0
Spellcasting   | |  2.1

Action                   || total
-------------------------++-------
Melee: Unarmed           ||    19
       Peck              ||     8
       Kick              ||    13
       Short sword       ||    59
 Cast: Summon Small Mamm ||    13
       Call Canine Famil ||     2
  Use: Scroll            ||     3
  Eat: Chunk             ||     2
Armor: Robe              ||    14
Dodge: Dodged            ||    53
